 Dungeon Crawl Stone Soup version 0.32-a0-975-g85d4e5bfdb (webtiles) character file.

Game seed: 3134138043223715333

4 PriceMaster the Sneak (level 1, 0/9 HPs)
             Began as a Spriggan Conjurer on Apr 19, 2024.
             Slain by a jackal (1 damage)
             ... on level 1 of the Dungeon.
             The game lasted 00:00:18 (345 turns).

PriceMaster the Sneak (Spriggan Conjurer)            Turns: 345, Time: 00:00:19

Health: 0/9        AC:  2    Str:  3    XL:     1   Next: 58%
Magic:  1/5        EV: 16    Int: 19    God:
Gold:   53         SH:  0    Dex: 13    Spells: 4/5 levels left

rFire   . . .        (weapon restricted)
rCold   . . .        (no shield)
rNeg    . . .        a - +0 robe
rPois   .            (helmet restricted)
rElec   .            (no cloak)
rCorr   .            (gloves unavailable)
SInv    +            (boots unavailable)
Will    .....        (no amulet)
Stlth   ++           (no ring)
HPRegen 0.21/turn    (no ring)
MPRegen 0.09/turn

%: no passive effects
@: very quick
A: very small, no large weapons, unfitting armour, see invisible, speed 3
a: no special abilities


You were on level 1 of the Dungeon.
You visited 1 branch of the dungeon, and saw 1 of its levels.

You collected 53 gold pieces.

Inventory:

Armour
 a - a +0 robe (worn)
Scrolls
 c - a scroll of teleportation {unknown}
Potions
 b - a potion of magic
 d - a potion of heal wounds {unknown}


   Skills:
 + Level 2.8 Dodging
 + Level 3.0 Stealth
 + Level 2.9 Spellcasting
 + Level 3.0 Conjurations


You had 4 spell levels left.
You knew the following spells:

 Your Spells              Type           Power      Damage    Failure   Level
a - Magic Dart            Conj           56%        1d5       4%          1

Your spell library contained the following spells:

 Spells                   Type           Power      Damage    Failure   Level
 Searing Ray              Conj           28%        2d5       7%          2
 Fulminant Prism          Conj/Alch      4%         3d5       63%         4
 Iskenderun's Mystic Bla Conj/Tloc 8%             2d4        (+2d1     63%         4


Dungeon Overview and Level Annotations

Branches:
Dungeon (1/15)

Altars:


Innate Abilities, Weirdness & Mutations

You are very small and have problems with some larger weapons.
You are too small for most types of armour.
You have supernaturally acute eyesight. (SInv)
You cover ground extremely quickly. (Speed+++)


Message History

The jackal is moderately wounded.
The jackal bites you. The jackal misses you.
The magic dart hits the jackal.
The jackal is heavily wounded.
The jackal misses you. x3; The jackal bites you.
You are out of magic!
You are out of magic!
You are out of magic!
The jackal attacks as it pursues you! The jackal bites you.
The jackal closely misses you.
Casting: Magic Dart (safe; 4% risk of failure)
Confirm with . or Enter, or press ? or * to list all spells.
Aiming: Magic Dart (safe; 4% risk of failure)
Press: ? - help, Shift-Dir - straight line, f/p - jackal
Aim: a jackal (heavily wounded, 100% to hit)
The magic dart hits the jackal but does no damage.
The jackal is heavily wounded.
Unknown command.
Found a sedimented grey potion.
The jackal attacks as it pursues you! The jackal closely misses you.
A rat comes into view.
The jackal attacks as it pursues you! The jackal bites you.
The jackal bites you. The jackal attacks as it pursues you!
The jackal bites you.
* * * LOW HITPOINT WARNING * * *
You see here a sedimented grey potion.
d - a sedimented grey potion The jackal closely misses you.
The jackal misses you. The jackal attacks as it pursues you!
The jackal misses you. The jackal bites you.
* * * LOW HITPOINT WARNING * * *
Found 14 gold pieces and a murky coppery potion.
Found a ruby potion.
The rat squeaks loudly.
The jackal attacks as it pursues you! The jackal barely misses you.
You barely miss the rat. The jackal bites you.
* * * LOW HITPOINT WARNING * * *
The jackal bites you.
You die...

#.#.#.##. ##.!###
#######.#.#.#.. ....!$.
#....##.#.#.#.. .......
#....##.#.#....
.......###....##.#.#....
...................#...g
.......###.........#....
......r............####.
#@................
#hhg......).....##
#............#####
#.......#..>......
#.......#####....#
#.......# #.....
#####...# ##....# #...#
#....#. ##### #....~.


You could see 2 jackals, a goblin and a rat.

Vanquished Creatures
  A giant cockroach (D:1)
  A jackal (D:1)
  A ball python (D:1)
  A frilled lizard (D:1)
  A kobold (D:1)
5 creatures vanquished.

Notes
Turn   | Place    | Note
-------+----------+-------------------------------------------
     0 | D:1      | PriceMaster the Spriggan Conjurer began the quest for the
                  | Orb.
     0 | D:1      | Reached XP level 1. HP: 9/9 MP: 5/5
   119 | D:1      | Found a faded altar of an unknown god.
   345 | D:1      | Slain by a jackal

Illustrated notes

Levels and vault maps discovered:
D:1:      wander_arrival_chamber, layout_basic,
          shapermc_ecumenical_altar_starsandcircs

Skill      XL: |  1 |
---------------+----+-----
Conjurations   | 3 |  3.0
Dodging        | |  2.8
Stealth        | |  3.0
Spellcasting   | |  2.9

Action                     || total
---------------------------++-------
  Melee: Unarmed           ||     2
   Cast: Magic Dart        ||    16
 Armour: Robe              ||    11
  Dodge: Dodged            ||    17

Table legend: (Time is in decaauts)
 A = Elapsed time spent in this place.
 B = Non-inter-level travel time spent in this place.
 C = Inter-level travel time spent in this place.
 D = Time resting spent in this place.
 E = Time spent auto-exploring this place.
 F = Levels seen in this place.
 G = Mean time per level.
                   A        B        C        D        E       F      G
               +--------+--------+--------+--------+--------+-----+--------+
         Total |    262 |    262 |      0 |      0 |    216 |   1 |  262.0 |
       Dungeon |    262 |    262 |      0 |      0 |    216 |   1 |  262.0 |
               +--------+--------+--------+--------+--------+-----+--------+

Top non-repeatable levels by time:
     D:1: 262 daAuts
